 Dungeon Crawl Stone Soup version 0.19.0-24-gb05acd6 (webtiles) character file.

36 Mesmaeker13 the Charmwright (level 3, 0/29 HPs)
             Began as a Demigod Skald on Nov 21, 2016.
             Slain by a goblin
             ... wielding a +0 club
             ... led by Robin
              (4 damage)
             ... on level 2 of the Dungeon.
             The game lasted 00:02:47 (997 turns).

Mesmaeker13 the Charmwright (Demigod Skald)          Turns: 997, Time: 00:02:47

Health: 0/29       AC:  3    Str: 15    XL:     3   Next: 5%
Magic:  9/9        EV: 11    Int: 18    God:
Gold:   38         SH:  0    Dex: 15    Spells: 2 memorised, 3 levels left

rFire  . . .     SeeInvis .     g - +2 whip (venom)
rCold  . . .     Gourm    +     b - +0 leather armour
rNeg   . . .     Faith    .     (no shield)
rPois  .         Spirit   .     (no helmet)
rElec  .         Reflect  .     (no cloak)
rCorr  .         Harm     .     (no gloves)
MR     .....                    (no boots)
Stlth  ++........               m - amulet of the gourmand
                                (no ring)
                                n - ring of stealth

@: no status effects
A: high mp 1
a: no special abilities


You were on level 2 of the Dungeon.
You were hungry.

You visited 1 branch of the dungeon, and saw 2 of its levels.

You collected 38 gold pieces.

Inventory:

Hand Weapons
 a - a +0 falchion
 g - a +2 whip of venom (weapon)
 h - a cursed -2 dagger
Missiles
 k - 24 bolts
Armour
 b - a +0 leather armour (worn)
 j - a cursed +0 scale mail
 r - a +0 buckler
Jewellery
 m - an amulet of the gourmand (around neck)
 n - a ring of stealth (left hand)
Scrolls
 i - a scroll of fear {unknown}
 l - a scroll of identify {unknown}
Potions
 e - a potion of berserk rage {unknown}
 o - a potion of mutation {unknown}
 p - a potion of degeneration {unknown}
 q - a potion of might {unknown}
Books
 c - a book of Battle

   Spells                             Type                      Level
   a - Infusion                       Charms                       1
   b - Shroud of Golubria             Charms/Translocation         2
   c - Song of Slaying                Charms                       2
   d - Spectral Weapon                Hexes/Charms                 3
   e - Regeneration                   Charms/Necromancy            3
Comestibles
 d - a bread ration
 f - a meat ration
 s - 3 fruits


   Skills:
 - Level 1.7 Fighting
 - Level 2.0 Long Blades
 + Level 0.8 Maces & Flails
 - Level 0.8 Armour
 - Level 0.8 Dodging
 + Level 2.3 Spellcasting
 + Level 3.1 Charms


You had 3 spell levels left.
You knew the following spells:

 Your Spells              Type           Power        Failure   Level  Hunger
a - Infusion              Chrm           ##..         8%          1    #......
b - Song of Slaying       Chrm           ##......     12%         2    ##.....


Dungeon Overview and Level Annotations

Branches:
Dungeon (2/15)

Annotations:
D:2 Robin


Innate Abilities, Weirdness & Mutations

You have an increased reservoir of magic. (+10% MP)


Message History

You whack the goblin!
You kill the goblin!
The hobgoblin barely misses you.
You kill the hobgoblin!
There is an open door, spattered with blood here.
Things that are here:
a club; a goblin corpse x2
Your song is almost over.
The goblin no longer looks unusually strong.
Robin throws the goblin at you!
* * * LOW HITPOINT WARNING * * *
The goblin hits you with a club.
* * * LOW HITPOINT WARNING * * *
The goblin hits you but does no damage.
Your song has ended.
Found a meat ration.
Found 16 gold pieces.
There is a stone staircase leading up here.
The goblin hits you with a club.
You die...

# #.g##'#.##
#.....#.#
#g..###.##
######..g###..#
..............#
.#########g#...## .
........g......+
...
####..g##.#...#....
+..@...#........
#...##..<.......
+...##......#+#.
#....+......#
#%...#....###
#....#....#
#....#.##.#
.$...#.# .. #. ...


You could see 2 goblins.

Vanquished Creatures
  2 leopard geckos
  2 giant cockroaches (D:1)
  8 goblins
  6 hobgoblins
  4 bats
  2 frilled lizards (D:1)
  5 kobolds (D:1)
  A rat (D:1)
30 creatures vanquished.

Notes
Turn   | Place    | Note
-------+----------+-------------------------------------------
     0 | D:1      | Mesmaeker13 the Demigod Skald began the quest for the Orb.
     0 | D:1      | Reached XP level 1. HP: 17/17 MP: 5/5
   222 | D:1      | Reached XP level 2. HP: 16/24 MP: 2/7
   587 | D:1      | Reached skill level 3 in Charms
   962 | D:2      | Learned a level 2 spell: Song of Slaying
   964 | D:2      | Noticed Robin
   979 | D:2      | Reached XP level 3. HP: 16/29 MP: 7/9
   997 | D:2      | Slain by a goblin

Skill      XL: |  1  2 |
---------------+-------+-----
Spellcasting   | 2 |  2.3
Long Blades    | 2 |  2.0
Charms         | 3 |  3.1
Fighting       | |  1.7
Maces & Flails | |  0.8
Armour         | |  0.8
Dodging        | |  0.8

Action                   || total
-------------------------++-------
Melee: Falchion          ||    60
       Whip              ||    32
 Cast: Infusion          ||     7
       Song of Slaying   ||     1
  Use: Scroll            ||     1
       Potion            ||     1
 Stab: Sleeping          ||     1
Armor: Leather armour    ||    19
       Skin              ||    11
Dodge: Dodged            ||    56
       Rpst.: Falchion   ||    12
